 Dungeon Sprint DCSS version 0.29-a0-723-gce39da1c22 (webtiles) character file.

Game seed: 1189144579075428152

2464 manyhoops the Warrior (level 9, -3/156 HPs)
             Began as a Minotaur Berserker on June 28, 2022.
             Was an Elder of Trog.
             Killed from afar by a death drake (17 damage)
             ... with a foul vapour
             ... in the Dungeon (Sprint II: "The Violet Keep of Menkaure").
             The game lasted 00:08:07 (1273 turns).

manyhoops the Warrior (Minotaur Berserker)          Turns: 1273, Time: 00:08:08

Health: -3/156     AC:  6    Str: 23    XL:     9   Next: 26%
Magic:  8/8        EV: 15    Int:  4    God:    Trog [****..]
Gold:   341        SH:  0    Dex: 13    Spells: 8/8 levels left

rFire   . . .      SeeInvis .   b - +1 long sword (holy)
rCold   . . .      Faith    .   (no shield)
rNeg    . . .      Spirit   .   i - +0 ring mail "Xute" {Will+}
rPois   .          Reflect  .   (helmet restricted)
rElec   .          Harm     .   (no cloak)
rCorr   .          Rampage  .   (no gloves)
Will    +....      NoTele   +   (no boots)
Stlth   ..........              (no amulet)
HPRegen 0.36/turn               (no ring)
MPRegen 0.11/turn               (no ring)

@: berserking, lethally poisoned (-3 -> -47), slowed
A: horns 2, retaliatory headbutt
a: Renounce Religion, Berserk, Trog's Hand, Brothers in Arms


You were in the Dungeon.
You worshipped Trog.
Trog was greatly pleased with you.
You visited 1 branch You collected 1053 gold pieces.
You spent 712 gold pieces at shops.

Inventory:

Hand Weapons
 b - a +1 long sword of holy wrath (weapon)
Armour
 i - the +0 ring mail "Xute" (worn) {Will+}
   (You bought it in a shop in the Dungeon)

   Will:      It increases your willpower.
Potions
 a - a potion of flight
 c - a potion of curing
 f - 2 potions of magic
 g - a potion of berserk rage


   Skills:
 + Level 17.9 Fighting
 - Level 14.3 Long Blades
 - Level 4.4 Armour
 + Level 10.3 Dodging


You had 8 spell levels left.
You didn't know any spells.
Your spell library was empty.

Dungeon Overview and Level Annotations

Branches:
Dungeon (1/1)

Altars:
Cheibriados
Dithmenos
Elyvilon
Fedhas
Gozag
Hepliaklqana
Kikubaaqudgha
Makhleb
Qazlal
Ru
Sif Muna
Trog
Wu Jian
Xom
The Shining One
Beogh
Jiyva
Lugonu

Shops:
D :?(*?![=*?:!==[

Annotations:
D exclusions: ice statue and oklob plant


Innate Abilities, Weirdness & Mutations

You have a pair of horns on your head.
You reflexively headbutt those who attack you in melee.


Message History

You feel yourself slow down. The death drake bites you!
Unknown command.
You fail to use your ability.
You are engulfed in dark miasma.
You are more poisoned.
You feel extremely sick. The death drake bites you.
The death drake barely misses you. You furiously retaliate!
You headbutt the death drake, but do no damage.
Unknown command.
You fail to use your ability.
You are engulfed in dark miasma.
You are more poisoned.
You feel extremely sick. The death drake breathes miasma at you.
The foul vapour engulfs you!!
You are lethally poisoned!
* * * LOW HITPOINT WARNING * * *
You feel better.
You are engulfed in dark miasma.
You are poisoned.
You feel as though you will be slow longer.
* * * LOW HITPOINT WARNING * * *
You feel very sick. The death drake misses you.
You feel much better.
You are engulfed in dark miasma.
You are lethally poisoned!
* * * LOW HITPOINT WARNING * * *
x2 You feel extremely sick.
The death drake closely misses you. The death drake misses you.
The swamp drake bites you but does no damage.
A red film seems to cover your vision as you go berserk!
You feel yourself moving faster!
You feel mighty!
* * * LOW HITPOINT WARNING * * *
You feel extremely sick.
The death drake bites you but does no damage.
The swamp drake breathes poison at you.
The noxious blast engulfs you but does no damage.
You are more poisoned.
The death drake breathes miasma at you. The foul vapour engulfs you!
You are more poisoned.
You die... °SSS#

#'''## .....# .. k
'##..# #^ k ####.####
+.##k #..#....# ...####
..####..## #^.##○#
'###.##..# +..#○○#
.##...#..# #..#@k# ?
<.')#.'..####^.##k# !$?
.##...#.§..###...##▓▓▓▓▓
'###.##....§.≈≈≈≈≈≈≈≈≈≈≈
..####§≈.....≈#'########
#..#≈≈≈≈§§§.§≈#.._.....#
#.##≈≈≈§≈≈≈≈.≈#._._....#
+##≈≈≈≈§§≈≈§≈≈#_._._...#
≈≈≈≈≈≈≈≈≈≈≈≈≈≈#._._._..#


You could see a death drake (catching breath) and a swamp drake (catching
breath).

Vanquished Creatures
  A merfolk siren (D)
  A yaktaur (D)
  2 polar bears (D)
  A hornet (D)
  4 neqoxecs (D)
  2 water moccasins (D)
  A swamp drake (D)
  4 necrophages (D)
  4 scorpions (D)
20 creatures vanquished.

Vanquished Creatures (collateral kills)
  A polar bear (D)
1 creature vanquished.

Grand Total: 21 creatures vanquished

Notes
Turn   | Place    | Note
-------+----------+-------------------------------------------
     0 | D        | manyhoops the Minotaur Berserker began the quest for the
                  | Orb.
     0 | D        | Reached XP level 1. HP: 19/19 MP: 0/0
     1 | D        | Noticed a neqoxec
     1 | D        | Noticed a neqoxec
     1 | D        | Noticed a neqoxec
     1 | D        | Noticed a neqoxec
     5 | D        | Killed a neqoxec
     6 | D        | Reached skill level 8 in Fighting
     6 | D        | Reached XP level 2. HP: 35/35 MP: 1/1
     6 | D        | Reached XP level 3. HP: 40/40 MP: 2/2
     6 | D        | Reached XP level 4. HP: 48/48 MP: 3/3
     9 | D        | Killed a neqoxec
    10 | D        | Reached skill level 10 in Fighting
    10 | D        | Reached skill level 10 in Long Blades
    10 | D        | Reached XP level 5. HP: 58/58 MP: 4/4
    11 | D        | Killed a neqoxec
    11 | D        | Reached ** piety under Trog
    12 | D        | Reached skill level 11 in Fighting
    12 | D        | Reached XP level 6. HP: 68/68 MP: 5/5
    18 | D        | Killed a neqoxec
    19 | D        | Reached skill level 12 in Fighting
    95 | D        | Noticed a water moccasin
   102 | D        | Killed a water moccasin
   103 | D        | Reached XP level 7. HP: 78/78 MP: 6/6
   126 | D        | Reached skill level 13 in Fighting
   280 | D        | Reached *** piety under Trog
   290 | D        | Reached skill level 14 in Fighting
   359 | D        | Found Gubrot's Antique Armour Shop.
   360 | D        | Found Ipryol's Distillery.
   360 | D        | Found Wirets's Book Shop.
   360 | D        | Found Beliefe's Distillery.
   360 | D        | Found Pucaiduth's Jewellery Boutique.
   360 | D        | Found Ubiokk's Magic Scroll Shop.
   360 | D        | Found Diron's Antique Armour Shop.
   360 | D        | Found Hoom's Magic Scroll Shop.
   360 | D        | Found Liged's Assorted Antiques.
   360 | D        | Found Ysew's Jewellery Shop.
   361 | D        | Found Zihigho's Antique Weapon Shop.
   361 | D        | Found Wenan's Magic Scroll Boutique.
   363 | D        | Found Zauninyu's Jewellery Boutique.
   363 | D        | Found Delemym Too's General Store.
   363 | D        | Noticed a cane toad
   363 | D        | Noticed a cane toad
   364 | D        | Noticed an oklob plant
   365 | D        | Found Ucioprosoc's Book Shoppe.
   369 | D        | Bought a distressingly furry ring mail for 243 gold pieces
   369 | D        | Identified the +0 ring mail "Xute" {Will+} (You bought it
                  | in a shop in the Dungeon)
   383 | D        | Noticed a wyvern
   388 | D        | Bought a bloodstained ring mail for 207 gold pieces
   388 | D        | Identified the +3 ring mail of Ajumag {rN+ Regen+ Str-5}
                  | (You bought it in a shop in the Dungeon)
   409 | D        | Noticed a merfolk siren
   414 | D        | Killed a merfolk siren
   414 | D        | Reached **** piety under Trog
   415 | D        | Reached XP level 8. HP: 89/89 MP: 7/7
   456 | D        | Bought a runed long sword for 143 gold pieces
   459 | D        | Bought a potion of heal wounds for 50 gold pieces
   459 | D        | Bought a potion of flight for 30 gold pieces
   460 | D        | Bought a potion of curing for 39 gold pieces
   507 | D        | Noticed an ice statue
   527 | D        | Found a stormy altar of Qazlal.
   527 | D        | Found an ornate altar of the Wu Jian Council.
   528 | D        | Found a glowing golden altar of the Shining One.
   534 | D        | Found a hazy altar of Hepliaklqana.
   534 | D        | Found a sacrificial altar of Ru.
   535 | D        | Found a viscous altar of Jiyva.
   535 | D        | Found a shimmering blue altar of Sif Muna.
   536 | D        | Found a snail-covered altar of Cheibriados.
   536 | D        | Found an ancient bone altar of Kikubaaqudgha.
   536 | D        | Found a shimmering altar of Xom.
   536 | D        | Found a bloodstained altar of Trog.
   537 | D        | Found a shadowy altar of Dithmenos.
   537 | D        | Found a corrupted altar of Lugonu.
   538 | D        | Found a white marble altar of Elyvilon.
   538 | D        | Found a burning altar of Makhleb.
   539 | D        | Found a blossoming altar of Fedhas.
   541 | D        | Found an opulent altar of Gozag.
   541 | D        | Noticed a yaktaur
   541 | D        | Noticed a hornet
   541 | D        | Noticed a polar bear
   541 | D        | Noticed a polar bear
   689 | D        | Killed a polar bear
   690 | D        | Reached skill level 15 in Fighting
   743 | D        | Paralysed by a hornet for 1 turns
   747 | D        | Killed a hornet
   748 | D        | Reached skill level 16 in Fighting
   951 | D        | Noticed a polar bear
   979 | D        | Killed a polar bear
   984 | D        | Killed a yaktaur
   985 | D        | Reached skill level 17 in Fighting
   985 | D        | Reached XP level 9. HP: 103/103 MP: 8/8
  1065 | D        | Reached skill level 10 in Dodging
  1226 | D        | Killed a polar bear
  1259 | D        | Noticed a death drake
  1259 | D        | Noticed a death drake
  1273 | D        | Killed from afar by a death drake

Illustrated notes

Levels and vault maps discovered:
D:        the_violet_keep_of_menkaure [sprint2_stairs_cluster_1,
          sprint2_shoproom, sprint2_temple, sprint2_basic_supplies,
          sprint2_obstacle_2, sprint2_obstacle_1, sprint2_obstacle_5,
          sprint2_obstacle_4, sprint2_obstacle_7, sprint2_timed_cluster_1,
          sprint2_smallroom_cluster_1, sprint2_smallroom_final_cluster_1,
          sprint2_transparent_cluster_1, sprint2_second_timed_cluster_1,
          sprint2_sniper_area_1, sprint2_heavy_combat_area_1,
          sprint2_mutation_trap_area_1, sprint2_forest_area_1,
          sprint2_light_combat_area_1, sprint2_behind_water_1,
          sprint2_near_end_vault_1]

Skill      XL: |  1  2  3  4  5  6  7  8  9 |
---------------+----------------------------+-----
Fighting       | 8 10 11 12 14 17 | 17.9
Long Blades    | 8 10 11 13 14 | 14.3
Armour         | 4 |  4.4
Dodging        | 4 7 9 10 | 10.3

Action                   |  1- 3 |  4- 6 |  7- 9 || total
-------------------------+-------+-------+-------++-------
Melee: Falchion          |     3 |    18 |    16 ||    37
       Headbutt          |     1 |     5 |    12 ||    18
       Punch             |       |     1 |     2 ||     3
       Long sword        |       |       |    47 ||    47
Invok: Berserk           |     1 |     1 |     8 ||    10
       Trog's Hand       |       |     1 |     3 ||     4
       Brothers in Arms  |       |       |     1 ||     1
  Use: Potion            |       |       |     4 ||     4
       Scroll            |       |       |     1 ||     1
Armor: Ring mail         |       |       |    12 ||    12
Dodge: Dodged            |     3 |     4 |    31 ||    38

Table legend: (Time is in decaauts)
 A = Elapsed time spent in this place.
 B = Non-inter-level travel time spent in this place.
 C = Inter-level travel time spent in this place.
 D = Time resting spent in this place.
 E = Time spent auto-exploring this place.
 F = Levels seen in this place.
 G = Mean time per level.
                   A        B        C        D        E       F      G
               +--------+--------+--------+--------+--------+-----+--------+
         Total |   1341 |   1341 |      0 |    820 |      0 |   1 | 1341.0 |
       Dungeon |   1341 |   1341 |      0 |    820 |      0 |   1 | 1341.0 |
               +--------+--------+--------+--------+--------+-----+--------+

Top non-repeatable levels by time:
       D: 1341 daAuts
